[Event "EYCC Girls-U14 2019"]
[Site "Bratislava"]
[Date "2019.08.02"]
[Round "1.1"]
[White "Yakimova, Mariya"]
[Black "Dakic, Marta"]
[Result "1-0"]
[ECO "D02"]
[WhiteElo "2250"]
[BlackElo "1680"]
[Annotator "NA"]
[PlyCount "95"]
[EventDate "2019.08.02"]
[EventType "swiss"]
[EventCountry "SVK"]
[SourceTitle "playchess.com"]
[Source "ChessBase"]
[SourceQuality "1"]
[TimeControl "40/5400+30:1800+30"]

1. d4 d5 2. Nf3 Nf6 3. c4 c6 4. g3 Bf5 5. Bg2 h6 6. O-O e6 7. Nc3 Be7 8. Qb3 Qb6 9. c5 Qc7 10. Bf4 Qc8 11. Nd2 Bh7 12. Rae1 Nh5 13. Be5 Nd7 14. f4 O-O 15. e4 Nhf6 16. Bxf6 Bxf6 17. e5 Be7 18. Qd1 b6 19. cxb6 axb6 20. Bh3 Bb4 21. f5 Bxf5 22. Bxf5 exf5 23. Nf3 Bxc3 24. bxc3 Rxa2 25. Nh4 Qd8 26. Nxf5 Qg5 27. Rf4 Kh8 28. Ref1 Qg6 29. Nd6 Qe6 30. Nxf7+ Kg8 31. Qh5 Raa8 32. Nd6 Rxf4 33. gxf4 Nf6 34. Qg6 Qg4+ 35. Qxg4 Nxg4 36. h3 Ne3 37. Re1 Nc4 38. Nxc4 dxc4 39. Kf2 Kf7 40. Kf3 Ra3 41. Re3 Ra5 42. f5 b5 43. Ke4 Ra7 44. Rg3 Rc7 45. e6+ Ke8 46. Ke5 Kf8 47. Kd6 Rc8 48. Kd7 1-0

[Event "EYCC Girls-U14 2019"]
[Site "Bratislava"]
[Date "2019.08.02"]
[Round "1.2"]
[White "Karavitaki, Evaggelia"]
[Black "Tarasenka, Aliaksandra"]
[Result "0-1"]
[ECO "B30"]
[WhiteElo "1681"]
[BlackElo "2231"]
[Annotator "NA"]
[PlyCount "114"]
[EventDate "2019.08.02"]
[EventType "swiss"]
[EventCountry "SVK"]
[SourceTitle "playchess.com"]
[Source "ChessBase"]
[SourceQuality "1"]
[TimeControl "40/5400+30:1800+30"]

1. e4 c5 2. Nf3 Nc6 3. Bb5 e5 4. O-O Nge7 5. c3 g6 6. d4 cxd4 7. cxd4 exd4 8. Nxd4 Bg7 9. Nf3 O-O 10. Qd6 Qb6 11. Bxc6 Nxc6 12. Nc3 Qb4 13. Qxb4 Nxb4 14. a3 Nc2 15. Ra2 b6 16. b3 Na1 17. Rxa1 Bxc3 18. Ra2 Bb7 19. Rd1 Bxe4 20. Bd2 Bf6 21. Bb4 Rfd8 22. Bd6 Rac8 23. Re1 Bc2 24. b4 Kg7 25. h3 h5 26. Re2 Bb3 27. Rad2 Rc1+ 28. Kh2 Be6 29. Nd4 Ra1 30. Nc2 Ra2 31. b5 Bc4 32. Ne3 Bxe2 33. Rxa2 Bxb5 34. Rc2 Bc6 35. Kg1 Re8 36. Rd2 Be5 37. Nc4 Bxd6 38. Nxd6 Re1+ 39. Kh2 b5 40. Rd3 Re5 41. f3 a6 42. Kg3 Kf8 43. Kf4 f6 44. h4 Rd5 45. Rxd5 Bxd5 46. g4 Ke7 47. Nc8+ Ke6 48. gxh5 gxh5 49. Ke3 a5 50. Nb6 Bc6 51. a4 bxa4 52. Nc4 Bd5 53. Na3 Kd6 54. f4 Kc5 55. Kd3 Kb4 56. Nc2+ Kb3 57. Nd4+ Kb2 0-1

[Event "EYCC Girls-U14 2019"]
[Site "Bratislava"]
[Date "2019.08.02"]
[Round "1.3"]
[White "Toncheva, Nadya"]
[Black "Puia, Alexia-Teodora"]
[Result "1-0"]
[ECO "A84"]
[WhiteElo "2087"]
[BlackElo "1601"]
[Annotator "NA"]
[PlyCount "67"]
[EventDate "2019.08.02"]
[EventType "swiss"]
[EventCountry "SVK"]
[SourceTitle "playchess.com"]
[Source "ChessBase"]
[SourceQuality "1"]
[TimeControl "40/5400+30:1800+30"]

1. d4 f5 2. c4 e6 3. Nc3 Nf6 4. e3 Bb4 5. Bd3 Bxc3+ 6. bxc3 d6 7. Nf3 Nbd7 8. Qb3 c5 9. Ng5 Qe7 10. d5 Ne5 11. Be2 O-O 12. O-O h6 13. Nxe6 Bxe6 14. dxe6 Rfb8 15. f4 Ng6 16. Qc2 Qxe6 17. Rb1 a6 18. Bf3 Ra7 19. Rb6 Ne7 20. Rd1 Nc8 21. Rb2 Kh8 22. Bd5 Qd7 23. Qe2 Ne7 24. Bf3 Qe6 25. h3 b6 26. Bd2 Ne4 27. Be1 Rd7 28. g4 a5 29. Qd3 d5 30. gxf5 Qxf5 31. Bxe4 Qxh3 32. cxd5 Qh5 33. c4 Rd6 34. Bc3 1-0

[Event "EYCC Girls-U14 2019"]
[Site "Bratislava"]
[Date "2019.08.02"]
[Round "1.4"]
[White "Eraslan, Yagmur"]
[Black "Nur-Mukhametova, Alisa"]
[Result "0-1"]
[ECO "B86"]
[WhiteElo "1651"]
[BlackElo "2126"]
[Annotator "NA"]
[PlyCount "86"]
[EventDate "2019.08.02"]
[EventType "swiss"]
[EventCountry "SVK"]
[SourceTitle "playchess.com"]
[Source "ChessBase"]
[SourceQuality "1"]
[TimeControl "40/5400+30:1800+30"]

1. e4 c5 2. Nf3 e6 3. d4 cxd4 4. Nxd4 Nf6 5. Nc3 d6 6. Bc4 Be7 7. O-O O-O 8. Be3 Na6 9. f3 Qc7 10. Qe2 Nc5 11. a3 a6 12. Rad1 Re8 13. b4 Ncd7 14. Bd2 b5 15. Bxb5 axb5 16. Ncxb5 Qb7 17. c4 Nb6 18. g4 e5 19. Nf5 Bxf5 20. gxf5 Rac8 21. Rc1 Nxc4 22. Rxc4 Qxb5 23. Rfc1 Ra8 24. Qe3 d5 25. R4c2 dxe4 26. fxe4 Rad8 27. Rc4 Ng4 28. Qe2 Qb6+ 29. Kf1 Rxd2 30. Qxd2 Ne3+ 31. Ke2 Nxc4 32. Rxc4 Rd8 33. Qc1 h6 34. Rc3 Bg5 35. Qf1 Rd2+ 36. Kf3 Rf2+ 37. Qxf2 Qd6 38. h4 Qd1+ 39. Kg3 Bd2 40. Rc8+ Kh7 41. Kg2 Qg4+ 42. Kh2 Bf4+ 43. Kh1 Qh3+ 0-1

[Event "EYCC Girls-U14 2019"]
[Site "Bratislava"]
[Date "2019.08.02"]
[Round "1.5"]
[White "Allahverdiyeva, Ayan"]
[Black "Croisille, Shanti"]
[Result "1-0"]
[ECO "B76"]
[WhiteElo "2114"]
[BlackElo "1695"]
[Annotator "NA"]
[PlyCount "51"]
[EventDate "2019.08.02"]
[EventType "swiss"]
[EventCountry "SVK"]
[SourceTitle "playchess.com"]
[Source "ChessBase"]
[SourceQuality "1"]
[TimeControl "40/5400+30:1800+30"]

1. e4 c5 2. Nf3 d6 3. d4 cxd4 4. Nxd4 Nf6 5. Nc3 g6 6. Be3 Bg7 7. f3 O-O 8. Qd2 Nc6 9. g4 Bd7 10. h4 Qa5 11. h5 Rfc8 12. hxg6 hxg6 13. O-O-O Ne5 14. Bh6 Bh8 15. Qh2 Nfxg4 16. fxg4 Nxg4 17. Qd2 Nxh6 18. Qxh6 Bg7 19. Qh7+ Kf8 20. Bh3 Bxh3 21. Rxh3 Qe5 22. Rf3 Bf6 23. Nd5 Qh5 24. Ne6+ Ke8 25. Nxf6+ exf6 26. Ng7+ 1-0

[Event "EYCC Girls-U14 2019"]
[Site "Bratislava"]
[Date "2019.08.02"]
[Round "1.6"]
[White "Mikhailina, Elena"]
[Black "Roebers, Eline"]
[Result "0-1"]
[ECO "B48"]
[WhiteElo "1689"]
[BlackElo "2069"]
[Annotator "NA"]
[PlyCount "104"]
[EventDate "2019.08.02"]
[EventType "swiss"]
[EventCountry "SVK"]
[SourceTitle "playchess.com"]
[Source "ChessBase"]
[SourceQuality "1"]
[TimeControl "40/5400+30:1800+30"]

1. e4 c5 2. Nf3 e6 3. d4 cxd4 4. Nxd4 Nc6 5. Nc3 Qc7 6. Be3 a6 7. Qd2 Nf6 8. f3 Be7 9. Be2 O-O 10. O-O b5 11. a4 b4 12. Na2 d5 13. Nxc6 Qxc6 14. Nxb4 Bxb4 15. Qxb4 dxe4 16. Bc5 Rd8 17. fxe4 Nxe4 18. Bf3 Bb7 19. Bxe4 Qxe4 20. Qxe4 Bxe4 21. c3 Rd2 22. Rf2 Rad8 23. Raf1 Rxf2 24. Rxf2 Rd1+ 25. Rf1 Rd2 26. Rf2 Rd1+ 27. Rf1 Rd5 28. b4 Rd2 29. Rf2 Rd1+ 30. Rf1 Rxf1+ 31. Kxf1 Bc6 32. a5 Bb5+ 33. Kf2 e5 34. Ke3 f6 35. g3 Kf7 36. Ke4 Ke6 37. Bb6 f5+ 38. Ke3 g5 39. Bc7 f4+ 40. gxf4 gxf4+ 41. Kf3 Kf5 42. Bd6 e4+ 43. Kf2 e3+ 44. Kf3 Bc6+ 45. Ke2 Ke4 46. c4 f3+ 47. Kf1 Bd7 48. Bg3 Kd3 49. b5 axb5 50. cxb5 Bxb5 51. Be1 Kc2+ 52. Kg1 Kd1 {[%emt 0:00:09] Kf1 Kxe1+ Kxe1} 0-1

[Event "EYCC Girls-U14 2019"]
[Site "Bratislava"]
[Date "2019.08.02"]
[Round "1.7"]
[White "Bondareva, Daria"]
[Black "Zvereva, Margarita"]
[Result "1-0"]
[ECO "B52"]
[WhiteElo "1998"]
[BlackElo "1693"]
[Annotator "NA RC"]
[PlyCount "171"]
[EventDate "2019.08.02"]
[EventType "swiss"]
[EventCountry "SVK"]
[SourceTitle "playchess.com"]
[Source "ChessBase"]
[SourceQuality "1"]
[TimeControl "40/5400+30:1800+30"]

1. e4 c5 2. Nf3 d6 3. Bb5+ Bd7 4. Bxd7+ Qxd7 5. O-O Nc6 6. c3 Nf6 7. Qe2 e6 8. d4 cxd4 9. cxd4 Be7 10. Nc3 O-O 11. Rd1 {[%emt 0:05:05] B52: Sicilian: Moscow Variation with 3...Bd7} d5 12. Ne5 Qc7 $146 ({Predecessor:} 12... Qd8 13. Bf4 Rc8 14. Qb5 Na5 15. exd5 a6 16. Qe2 Nxd5 17. Bd2 Nc6 18. Qe4 Nf6 19. Qf4 Nb4 20. Rac1 Bd6 21. Qf3 Nbd5 22. Bg5 h6 23. Nxd5 Rxc1 24. Nxf6+ gxf6 25. Bxc1 {1-0 (25) Vasques,A (2237)-Dias,I (2151) Lisbon 2015}) 13. Bf4 Nxe5 14. exd5 Nxd5 15. Nxd5 exd5 16. dxe5 Rfd8 17. Rac1 Qb6 18. Rc3 Rd7 19. e6 Qxe6 20. Re3 Qf5 21. Rxe7 Rxe7 22. Qxe7 Qxf4 23. Qxb7 Re8 24. g3 Qe5 25. Qxa7 Qxb2 26. Qd7 Qe2 27. Qxd5 g6 28. a4 Re5 29. Qd3 Qxd3 30. Rxd3 Re1+ 31. Kg2 Ra1 32. Rd4 Ra3 33. h4 h5 34. g4 hxg4 35. Rxg4 Kg7 36. h5 Kh6 37. hxg6 fxg6 38. Rb4 Ra2 39. Kf3 Kg5 40. Ke3 Kf5 41. Rb5+ Kf6 42. a5 Kg7 43. f3 Ra4 44. f4 Kf6 45. Kf3 Kg7 46. Rc5 Kh6 47. Ke3 Kg7 48. Rc7+ Kf6 49. Rc6+ Kf5 50. a6 Re4+ 51. Kd3 Rxf4 52. Rc5+ Ke6 53. Ra5 Rf8 54. Kc4 Kd6 55. a7 Ra8 56. Kb5 Kc7 57. Ka6 Rf8 58. Rc5+ Kd6 59. Rg5 Kc6 60. Rxg6+ Kc7 61. Rb6 Rf1 62. Rc6+ Kxc6 63. a8=Q+ Kd6 64. Qd8+ Ke6 65. Qe8+ Kd6 66. Qg6+ Ke7 67. Qe4+ Kf6 68. Kb6 Rf5 69. Kc6 Kg5 70. Kd6 Rf4 71. Qe3 Kf5 72. Qe6+ Kg5 73. Ke5 Rf1 74. Qg8+ Kh6 75. Qg2 Rf8 76. Ke6 Kh7 77. Qh3+ Kg7 78. Qg4+ Kh7 79. Ke7 Rg8 80. Qh3+ Kg7 81. Qh5 Ra8 82. Qg5+ Kh7 83. Qh4+ Kg7 84. Qg3+ Kh6 85. Qh3+ Kg5 86. Qg2+ 1-0

[Event "EYCC Girls-U14 2019"]
[Site "Bratislava"]
[Date "2019.08.02"]
[Round "1.8"]
[White "Blokhin, Sofia"]
[Black "Mironenko, Galina"]
[Result "0-1"]
[ECO "B06"]
[WhiteElo "1725"]
[BlackElo "1995"]
[Annotator "NA"]
[PlyCount "58"]
[EventDate "2019.08.02"]
[EventType "swiss"]
[EventCountry "SVK"]
[SourceTitle "playchess.com"]
[Source "ChessBase"]
[SourceQuality "1"]
[TimeControl "40/5400+30:1800+30"]

1. e4 g6 2. d4 Bg7 3. Nc3 d6 4. f3 a6 5. Be3 b5 6. Qd2 Bb7 7. O-O-O Nd7 8. g4 h5 9. gxh5 Rxh5 10. Nge2 Ngf6 11. Ng3 Rh8 12. Be2 c5 13. dxc5 dxc5 14. h4 Qc7 15. Qe1 b4 16. Nb1 Qe5 17. c3 Rc8 18. Qf2 Qe6 19. b3 Qe5 20. f4 Qc7 21. Qg2 Qa5 22. h5 Qxa2 23. hxg6 bxc3 24. gxf7+ Kf8 25. Nxc3 Qxb3 26. Bd2 Nh7 27. Qf3 Rb8 28. Rdg1 Bc6 29. Nf5 Ba4 0-1

[Event "EYCC Girls-U14 2019"]
[Site "Bratislava"]
[Date "2019.08.02"]
[Round "1.9"]
[White "Bashylina, Luisa"]
[Black "Gasparyan, Milena"]
[Result "1/2-1/2"]
[ECO "B10"]
[WhiteElo "1989"]
[BlackElo "1498"]
[Annotator "NA"]
[PlyCount "39"]
[EventDate "2019.08.02"]
[EventType "swiss"]
[EventCountry "SVK"]
[SourceTitle "playchess.com"]
[Source "ChessBase"]
[SourceQuality "1"]
[TimeControl "40/5400+30:1800+30"]

1. e4 c6 2. Nf3 d5 3. exd5 cxd5 4. Ne5 Nf6 5. d4 e6 6. c3 Bd6 7. Bg5 O-O 8. Bd3 Nbd7 9. f4 Qc7 10. Nd2 Bxe5 11. fxe5 Nxe5 12. Bc2 Neg4 13. Bxf6 Nxf6 14. O-O e5 15. Rxf6 gxf6 16. Qh5 f5 17. Qg5+ Kh8 18. Qf6+ Kg8 19. Qg5+ Kh8 20. Qf6+ 1/2-1/2

[Event "EYCC Girls-U14 2019"]
[Site "Bratislava"]
[Date "2019.08.02"]
[Round "1.10"]
[White "Stastna, Martina"]
[Black "Lhotska, Anna"]
[Result "0-1"]
[ECO "B42"]
[WhiteElo "1654"]
[BlackElo "1922"]
[Annotator "NA"]
[PlyCount "128"]
[EventDate "2019.08.02"]
[EventType "swiss"]
[EventCountry "SVK"]
[SourceTitle "playchess.com"]
[Source "ChessBase"]
[SourceQuality "1"]
[TimeControl "40/5400+30:1800+30"]

1. e4 c5 2. Nf3 e6 3. d4 cxd4 4. Nxd4 a6 5. Bd3 Nf6 6. O-O Qc7 7. Nc3 Be7 8. Qe2 d6 9. Kh1 b5 10. a3 Bb7 11. f4 Nbd7 12. Bd2 Nc5 13. Rae1 O-O 14. b4 Nxd3 15. cxd3 Rac8 16. Rc1 Qb8 17. f5 e5 18. Nf3 Bd8 19. Bg5 h6 20. Bh4 Nd7 21. Bxd8 Rfxd8 22. Rfe1 Qa8 23. Qb2 Re8 24. a4 bxa4 25. Nxa4 d5 26. Rxc8 Qxc8 27. Nc5 Nxc5 28. bxc5 dxe4 29. dxe4 f6 30. Nd2 Rd8 31. Nb3 Bxe4 32. Qc3 Bxf5 33. c6 Qc7 34. Qc4+ Kh7 35. Qxa6 Rb8 36. Qc4 Bg6 37. h3 Bf7 38. Qd3+ Kh8 39. Qd7 Qxd7 40. cxd7 Bxb3 41. Rb1 Rd8 42. Rxb3 Rxd7 43. Kg1 Kh7 44. Kf2 Kg6 45. Rg3+ Kf5 46. Rf3+ Ke6 47. Ra3 f5 48. Ra6+ Rd6 49. Ra7 Kf6 50. Ke3 g5 51. Ra3 f4+ 52. Kf3 h5 53. g4 fxg3 54. Kxg3 e4 55. Kf2 Rd3 56. Ra6+ Kf5 57. Ra5+ Kf4 58. h4 g4 59. Rxh5 g3+ 60. Ke1 g2 61. Kf2 Rd2+ 62. Kg1 Kg3 63. Rg5+ Kh3 64. h5 e3 0-1

[Event "EYCC Girls-U14 2019"]
[Site "Bratislava"]
[Date "2019.08.02"]
[Round "1.11"]
[White "Toth, Nikoletta"]
[Black "Marthinussen, Emma Viktoria Lia"]
[Result "1-0"]
[ECO "A45"]
[WhiteElo "2023"]
[BlackElo "1645"]
[Annotator "NA"]
[PlyCount "75"]
[EventDate "2019.08.02"]
[EventType "swiss"]
[EventCountry "SVK"]
[SourceTitle "playchess.com"]
[Source "ChessBase"]
[SourceQuality "1"]
[TimeControl "40/5400+30:1800+30"]

1. d4 Nf6 2. Bf4 g6 3. e3 Bg7 4. Nf3 O-O 5. Be2 d6 6. h3 c5 7. c3 b6 8. O-O Bb7 9. Nbd2 Na6 10. a4 Nc7 11. Qb3 Rb8 12. Qa3 Ba8 13. b4 Ne6 14. Bh2 Qd7 15. Rac1 Bc6 16. dxc5 bxc5 17. b5 Bb7 18. a5 Nc7 19. c4 Ne4 20. Nxe4 Bxe4 21. Nd2 Ba8 22. Rb1 Qc8 23. Rb3 Qb7 24. Bf3 Qc8 25. Bxa8 Nxa8 26. Rfb1 Qc7 27. Ne4 Rfc8 28. Nc3 Bxc3 29. Rxc3 Qd7 30. Rcb3 Qd8 31. e4 e5 32. Rd1 Qe7 33. Qb2 Qc7 34. Qd2 Rd8 35. Rd3 Rbc8 36. Bxe5 Rd7 37. Bf6 Re8 38. Qh6 1-0

[Event "EYCC Girls-U14 2019"]
[Site "Bratislava"]
[Date "2019.08.02"]
[Round "1.12"]
[White "Rozmanec, Pia"]
[Black "Pipiras, Filipa Fortuna"]
[Result "0-1"]
[ECO "B40"]
[WhiteElo "1550"]
[BlackElo "1980"]
[Annotator "NA"]
[PlyCount "110"]
[EventDate "2019.08.02"]
[EventType "swiss"]
[EventCountry "SVK"]
[SourceTitle "playchess.com"]
[Source "ChessBase"]
[SourceQuality "1"]
[TimeControl "40/5400+30:1800+30"]

1. e4 c5 2. Nf3 e6 3. d4 cxd4 4. Nxd4 Nf6 5. Nc3 Nc6 6. Be3 Bb4 7. Nxc6 bxc6 8. Qd4 c5 9. Qd3 d5 10. exd5 exd5 11. O-O-O Be6 12. Bf4 O-O 13. Be2 Qa5 14. a3 Bxc3 15. Qxc3 Qxc3 16. bxc3 Ne4 17. Bg3 Nxc3 18. Rde1 Ne4 19. Bf3 Nxg3 20. hxg3 Rab8 21. Be2 Rfe8 22. f4 d4 23. Bf3 Bd7 24. Rxe8+ Rxe8 25. Rh5 Rc8 26. Re5 Kf8 27. Kd2 f6 28. Re1 Bc6 29. Bxc6 Rxc6 30. c3 Ra6 31. Ra1 Ke7 32. cxd4 cxd4 33. Kd3 Ra4 34. Kc2 Rc4+ 35. Kd3 Rc3+ 36. Kxd4 Rxg3 37. Ra2 g5 38. fxg5 fxg5 39. Ke4 Ke6 40. a4 a5 41. Kd4 Rg4+ 42. Ke3 h5 43. Kf3 Rb4 44. Ra1 Kd5 45. Rd1+ Rd4 46. Rb1 Rb4 47. Rd1+ Kc5 48. Re1 Rf4+ 49. Kg3 Kb4 50. Re5 Rg4+ 51. Kf3 Kxa4 52. Re8 Kb3 53. Rh8 Rf4+ 54. Kg3 h4+ 55. Kh3 a4 0-1

[Event "EYCC Girls-U14 2019"]
[Site "Bratislava"]
[Date "2019.08.02"]
[Round "1.13"]
[White "Kirchei, Viktoriia"]
[Black "Johansson-Ohman, Linnea"]
[Result "1-0"]
[ECO "B13"]
[WhiteElo "2006"]
[BlackElo "1529"]
[Annotator "NA"]
[PlyCount "87"]
[EventDate "2019.08.02"]
[EventType "swiss"]
[EventCountry "SVK"]
[SourceTitle "playchess.com"]
[Source "ChessBase"]
[SourceQuality "1"]
[TimeControl "40/5400+30:1800+30"]

1. e4 c6 2. d4 d5 3. exd5 cxd5 4. Bd3 Nc6 5. c3 Nf6 6. h3 e6 7. Nf3 Bd6 8. O-O h6 9. Re1 O-O 10. Ne5 Nd7 11. f4 f5 12. Nxc6 bxc6 13. Rxe6 Nf6 14. Re1 Ne4 15. Be3 Rb8 16. Qc1 Qh4 17. Rf1 Rf6 18. Nd2 Rg6 19. Rf3 Bd7 20. Nf1 Re8 21. c4 Be6 22. c5 Bc7 23. b4 a5 24. a3 Rf6 25. Rb1 Rff8 26. b5 cxb5 27. Bxb5 Rb8 28. Bd2 Bf7 29. Qe1 Qxe1 30. Bxe1 Bh5 31. Rfb3 Bxf4 32. Bxa5 Be8 33. a4 Ra8 34. Bb6 Bd2 35. Rd3 Ba5 36. Bxa5 Rxa5 37. Ne3 Bf7 38. Nxf5 Rb8 39. Ne7+ Kf8 40. Nc6 Raxb5 41. axb5 Rb7 42. Na5 Rb8 43. b6 Nf6 44. Rdb3 1-0

[Event "EYCC Girls-U14 2019"]
[Site "Bratislava"]
[Date "2019.08.02"]
[Round "1.14"]
[White "Larre, Linnea"]
[Black "Zhou, Lulu"]
[Result "0-1"]
[ECO "A20"]
[WhiteElo "1648"]
[BlackElo "1944"]
[Annotator "NA"]
[PlyCount "52"]
[EventDate "2019.08.02"]
[EventType "swiss"]
[EventCountry "SVK"]
[SourceTitle "playchess.com"]
[Source "ChessBase"]
[SourceQuality "1"]
[TimeControl "40/5400+30:1800+30"]

1. c4 e5 2. g3 d6 3. Bg2 g6 4. Nc3 Bg7 5. Nf3 f5 6. d3 h6 7. Bd2 Nf6 8. Qc1 g5 9. O-O O-O 10. b4 Nc6 11. a3 Ne7 12. Qc2 Ng6 13. Rac1 Be6 14. e4 f4 15. Ne1 Qd7 16. f3 Bh3 17. g4 Bxg2 18. Nxg2 h5 19. h3 hxg4 20. hxg4 Nxg4 21. fxg4 Qxg4 22. Rf2 f3 23. Nd5 Nf4 24. Bxf4 exf4 25. Qd1 Bd4 26. Rcc2 Qxg2# 0-1

[Event "EYCC Girls-U14 2019"]
[Site "Bratislava"]
[Date "2019.08.02"]
[Round "1.15"]
[White "Wikar, Martyna"]
[Black "Nielsen-Refs, Ingrid Elmer"]
[Result "1-0"]
[ECO "B53"]
[WhiteElo "2020"]
[BlackElo "1593"]
[Annotator "NA"]
[PlyCount "73"]
[EventDate "2019.08.02"]
[EventType "swiss"]
[EventCountry "SVK"]
[SourceTitle "playchess.com"]
[Source "ChessBase"]
[SourceQuality "1"]
[TimeControl "40/5400+30:1800+30"]

1. e4 c5 2. Nf3 d6 3. d4 cxd4 4. Qxd4 a6 5. Be3 Nc6 6. Qd2 Nf6 7. Nc3 e6 8. a4 Be7 9. Be2 b6 10. Nd4 Bb7 11. O-O O-O 12. Rad1 Ne5 13. f4 Ned7 14. Bf3 Nc5 15. e5 Nfe4 16. Nxe4 Nxe4 17. Qd3 d5 18. Bxe4 dxe4 19. Qe2 Qc7 20. Qg4 f5 21. Qxg7+ Kxg7 22. Nxe6+ Kf7 23. Nxc7 Rac8 24. Rd7 Rg8 25. e6+ Kf8 26. Nd5 Bxd5 27. Rxd5 Rxc2 28. Rf2 Rc6 29. Rxf5+ Ke8 30. Re5 Rc4 31. g3 Rb4 32. Rc2 Rg7 33. Rc8+ Bd8 34. Rd5 Rxb2 35. Rdxd8+ Ke7 36. Rd7+ Kf6 37. Bd4+ 1-0

[Event "EYCC Girls-U14 2019"]
[Site "Bratislava"]
[Date "2019.08.02"]
[Round "1.16"]
[White "Varekha, Anna"]
[Black "Reuter, Elisa"]
[Result "1/2-1/2"]
[ECO "B31"]
[WhiteElo "1643"]
[BlackElo "1930"]
[Annotator "NA"]
[PlyCount "59"]
[EventDate "2019.08.02"]
[EventType "swiss"]
[EventCountry "SVK"]
[SourceTitle "playchess.com"]
[Source "ChessBase"]
[SourceQuality "1"]
[TimeControl "40/5400+30:1800+30"]

1. e4 c5 2. Nf3 Nc6 3. Bb5 g6 4. Bxc6 dxc6 5. h3 Bg7 6. O-O e5 7. d3 Ne7 8. Be3 b6 9. Nbd2 O-O 10. Nc4 Qc7 11. a4 a5 12. b4 axb4 13. a5 bxa5 14. Bxc5 f6 15. Bb6 Qb7 16. Bxa5 Be6 17. Nfd2 c5 18. c3 Ra7 19. cxb4 cxb4 20. Bb6 Rxa1 21. Qxa1 Ra8 22. Qb2 Nc6 23. Be3 Rd8 24. Qc2 Bf8 25. Nb3 Bf7 26. Ra1 Qd7 27. Rd1 Qb7 28. Ra1 Qd7 29. Rd1 Qb7 30. Ra1 1/2-1/2

[Event "EYCC Girls-U14 2019"]
[Site "Bratislava"]
[Date "2019.08.02"]
[Round "1.17"]
[White "Sumarriva Paulin, Laura"]
[Black "Mroz, Lena"]
[Result "1-0"]
[ECO "A85"]
[WhiteElo "1861"]
[BlackElo "1587"]
[Annotator "NA"]
[PlyCount "71"]
[EventDate "2019.08.02"]
[EventType "swiss"]
[EventCountry "SVK"]
[SourceTitle "playchess.com"]
[Source "ChessBase"]
[SourceQuality "1"]
[TimeControl "40/5400+30:1800+30"]

1. d4 f5 2. c4 Nf6 3. Nc3 e6 4. e3 Bb4 5. Bd3 O-O 6. Nge2 Nc6 7. O-O Bxc3 8. Nxc3 d6 9. a3 a5 10. Rb1 e5 11. d5 Ne7 12. f4 e4 13. Be2 Qe8 14. Nb5 Qd8 15. b4 axb4 16. axb4 Bd7 17. Nd4 Kh8 18. Bb2 Neg8 19. Qb3 Qe7 20. Ra1 Nh6 21. c5 dxc5 22. bxc5 Qf7 23. Rxa8 Rxa8 24. Qxb7 Qxd5 25. c6 Re8 26. Qxc7 Rc8 27. Qe5 Be8 28. Qxd5 Nxd5 29. Ne6 Nf6 30. c7 Bd7 31. Ba6 Re8 32. Nd8 Nd5 33. Rd1 Nxc7 34. Rxd7 Nxa6 35. Rxg7 Rxd8 36. Rg6+ 1-0

[Event "EYCC Girls-U14 2019"]
[Site "Bratislava"]
[Date "2019.08.02"]
[Round "1.18"]
[White "Fizerova, Lucie"]
[Black "Hakobyan, Astghik"]
[Result "0-1"]
[ECO "C00"]
[WhiteElo "1499"]
[BlackElo "1863"]
[Annotator "NA"]
[PlyCount "110"]
[EventDate "2019.08.02"]
[EventType "swiss"]
[EventCountry "SVK"]
[SourceTitle "playchess.com"]
[Source "ChessBase"]
[SourceQuality "1"]
[TimeControl "40/5400+30:1800+30"]

1. e4 e6 2. d4 d5 3. Bd3 c5 4. exd5 Qxd5 5. Nc3 Qd8 6. Nf3 Be7 7. O-O Nf6 8. dxc5 Bxc5 9. Bg5 O-O 10. Qd2 Nbd7 11. Rad1 Be7 12. Rfe1 Nc5 13. Bc4 Qb6 14. b3 Bd7 15. Ne5 Rfd8 16. Qe3 Be8 17. Kh1 Qa5 18. f4 b5 19. Be2 Rac8 20. Rxd8 Bxd8 21. Rd1 Nb7 22. Ne4 Nxe4 23. Qxe4 Nc5 24. Bxd8 Rxd8 25. Qe3 Rxd1+ 26. Bxd1 b4 27. Nc4 Qc7 28. Kg1 Bb5 29. Qe5 Qxe5 30. Nxe5 Ne4 31. Bf3 Nc3 32. Bc6 Be2 33. Bf3 Bb5 34. Bc6 Be2 35. Bf3 Bxf3 36. gxf3 Nxa2 37. Nc6 a6 38. Kf2 Kf8 39. Nb8 Ke7 40. Nxa6 Kd6 41. Ke3 Kc6 42. Nb8+ Kc7 43. Na6+ Kb6 44. Nb8 f6 45. Nd7+ Kc6 46. Nf8 Kd6 47. f5 exf5 48. Kf4 Ke7 49. Nxh7 Kf7 50. Kxf5 g6+ 51. Kg4 Kg7 52. Ng5 fxg5 53. Kxg5 Nc3 54. h4 Ne2 55. f4 Nd4 0-1

[Event "EYCC Girls-U14 2019"]
[Site "Bratislava"]
[Date "2019.08.02"]
[Round "1.19"]
[White "Sovina, Maria"]
[Black "Trasakova, Adela"]
[Result "1-0"]
[ECO "D11"]
[WhiteElo "1757"]
[BlackElo "1575"]
[Annotator "NA"]
[PlyCount "69"]
[EventDate "2019.08.02"]
[EventType "swiss"]
[EventCountry "SVK"]
[SourceTitle "playchess.com"]
[Source "ChessBase"]
[SourceQuality "1"]
[TimeControl "40/5400+30:1800+30"]

1. d4 d5 2. c4 c6 3. Nf3 Nf6 4. e3 e6 5. b3 Bd6 6. Nc3 Nbd7 7. Bb2 O-O 8. Bd3 Re8 9. O-O dxc4 10. Bxc4 e5 11. d5 Nb6 12. dxc6 bxc6 13. Be2 Qc7 14. Rc1 a6 15. e4 Bg4 16. Nd2 Bxe2 17. Qxe2 Red8 18. Nc4 Nxc4 19. Qxc4 Nh5 20. Ne2 Rdc8 21. Rc2 Nf4 22. Nxf4 exf4 23. f3 Be5 24. Bxe5 Qxe5 25. Qc5 Qe6 26. Rd1 Rd8 27. Rxd8+ Rxd8 28. Qxc6 Qe5 29. Qc3 Qd6 30. h3 Qg6 31. Rd2 Rb8 32. Qc7 Re8 33. Qxf4 Qb6+ 34. Kh2 Rc8 35. Qd6 1-0

[Event "EYCC Girls-U14 2019"]
[Site "Bratislava"]
[Date "2019.08.02"]
[Round "1.20"]
[White "Kucharska, Helena"]
[Black "Sevcikova, Lucia"]
[Result "0-1"]
[ECO "B02"]
[WhiteElo "1543"]
[BlackElo "1800"]
[Annotator "NA"]
[PlyCount "37"]
[EventDate "2019.08.02"]
[EventType "swiss"]
[EventCountry "SVK"]
[SourceTitle "playchess.com"]
[Source "ChessBase"]
[SourceQuality "1"]
[TimeControl "40/5400+30:1800+30"]

1. e4 Nf6 2. Nc3 d5 3. exd5 Nxd5 4. Bc4 c6 5. Qf3 e6 6. Nge2 Nd7 7. d4 N7f6 8. Bg5 Be7 9. O-O-O Qa5 10. Bd2 Qc7 11. g4 b5 12. Bd3 b4 13. Ne4 Nxe4 14. Bxe4 Qa5 15. Qb3 Ba6 16. c4 bxc3 17. Nxc3 Qb6 18. Qc2 Rb8 19. Be3 0-1

[Event "EYCC Girls-U14 2019"]
[Site "Bratislava"]
[Date "2019.08.02"]
[Round "1.21"]
[White "Nadzamova, Viktoria"]
[Black "Palczert, Hajnalka"]
[Result "1-0"]
[ECO "B30"]
[WhiteElo "1854"]
[BlackElo "1425"]
[Annotator "NA"]
[PlyCount "53"]
[EventDate "2019.08.02"]
[EventType "swiss"]
[EventCountry "SVK"]
[SourceTitle "playchess.com"]
[Source "ChessBase"]
[SourceQuality "1"]
[TimeControl "40/5400+30:1800+30"]

1. e4 c5 2. Nf3 Nc6 3. Bb5 Nd4 4. Nxd4 cxd4 5. O-O Nf6 6. e5 Nd5 7. e6 Nf6 8. exf7+ Kxf7 9. c3 Qb6 10. Be2 g6 11. cxd4 Qxd4 12. Nc3 Bg7 13. Nb5 Qb6 14. d4 d5 15. Bf4 Bf5 16. Bc7 Qe6 17. Be5 Qd7 18. Rc1 Rhc8 19. Nc7 Rab8 20. Bb5 Qd8 21. Qf3 a6 22. Ba4 Bh6 23. Rc5 Be4 24. Qh3 Bg7 25. Ne6 Qh8 26. Ng5+ Kf8 27. Rxc8+ 1-0